 Dungeon Crawl Stone Soup version 0.20-a0-553-g9f38e11 (webtiles) character file.

321 Devintownsend the Chopper (level 6, -7/53 HPs)
             Began as a Minotaur Fighter on Feb 3, 2017.
             Mangled by Menkaure (17 damage)
             ... on level 4 of the Dungeon.
             The game lasted 00:08:08 (2555 turns).

Devintownsend the Chopper (Minotaur Fighter)        Turns: 2555, Time: 00:08:09

Health: -7/53      AC: 10    Str: 23    XL:     6   Next: 22%
Magic:  5/5        EV:  7    Int:  5    God:
Gold:   98         SH: 10    Dex:  9    Spells: 5/5 levels left

rFire    x . .     SeeInvis .   a - +0 war axe
rCold    + . .     Gourm    .   b - +0 scale mail
rNeg     . . .     Faith    .   c - +0 shield
rPois    .         Spirit   .   (helmet restricted)
rElec    .         Reflect  .   (no cloak)
rCorr    .         Harm     .   (no gloves)
MR       .....                  j - +2 pair of boots
Stlth    ..........             (no amulet)
Regen    0.2/turn               (no ring)
                                i - ring of ice

@: no status effects
A: retaliatory headbutt, horns 2
a: no special abilities


You were on level 4 of the Dungeon.
You were not hungry.

You visited 1 branch of the dungeon, and saw 4 of its levels.
You also visited: Sewer.

You collected 98 gold pieces.

Inventory:

Hand Weapons
 a - a +0 war axe (weapon)
Armour
 b - a +0 scale mail (worn)
 c - a +0 shield (worn)
 j - a +2 pair of boots (worn)
Jewellery
 i - a ring of ice (left hand)
 p - an uncursed amulet of faith {unknown}
Wands
 l - a wand of random effects (37/48)
Scrolls
 e - 3 scrolls of recharging {unknown}
 m - 6 scrolls of identify {unknown}
 r - a scroll of remove curse {unknown}
 t - a scroll of amnesia {unknown}
 u - a scroll of fog {unknown}
 w - a scroll of teleportation {unknown}
Potions
 d - 4 potions of might
 k - a potion of haste {unknown}
 n - a potion of lignification {unknown}
 o - 4 potions of flight {unknown}
 q - 4 potions of curing {unknown}
 s - 4 potions of heal wounds {unknown}
 v - a potion of degeneration {unknown}
 x - a potion of invisibility {unknown}
 z - 5 potions of brilliance {unknown}
Comestibles
 f - 4 bread rations
 g - a meat ration
 h - 3 royal jellies
 A - a chunk of flesh


   Skills:
 + Level 4.6 Fighting
 + Level 5.6 Axes
 + Level 4.9 Armour
 + Level 5.0 Shields


You had 5 spell levels left.
You didn't know any spells.

Dungeon Overview and Level Annotations

Branches:
Dungeon (4/15)
 Temple: D:4-7

Altars:
Ashenzari
Sif Muna
Xom

Annotations:
D:4 Menkaure


Innate Abilities, Weirdness & Mutations

You reflexively headbutt those who attack you in melee.
You have a pair of horns on your head.


Message History

There is a stone staircase leading up here.
Found 19 sling bullets.
Found 18 stones.
Menkaure, Prince of Dust comes into view.
Found a bread ration.
You see here 19 sling bullets.
Menkaure is nearby!
Menkaure calls on the powers of darkness!
Your body is wracked with pain!
Menkaure mumbles some strange words.
Menkaure seems to speed up.
Menkaure says, "Why can't you leave me to my rest?"
Menkaure calls on the powers of darkness!
Your body is wracked with pain!
* * * LOW HITPOINT WARNING * * *
Menkaure casts a spell at you. Pain shoots through your body!
* * * LOW HITPOINT WARNING * * *
Menkaure hits you!
You die...

#.##.# #.........
#.##.#### #.........
#.......####.........
###.###......(##########
#.# #..........?......
#.# #............%....
#.# #.................
#.# #.................
#.............@M......
###.#.................
#.#.................
#.................
#.................
........#####.####
.###### .# .#


You could see Menkaure.

Vanquished Creatures
  2 big kobolds (Sewer)
  4 adders
  2 oozes
  3 worms
  3 dart slugs (D:2)
  2 leopard geckos
  4 orcs (D:3)
  10 giant cockroaches
  8 goblins
  9 hobgoblins
  9 jackals
  21 kobolds
  2 quokkas (D:2)
  8 ball pythons
  12 bats
  8 frilled lizards
  9 rats
116 creatures vanquished.

Notes
Turn   | Place    | Note
-------+----------+-------------------------------------------
     0 | D:1      | Devintownsend the Minotaur Fighter began the quest for the Orb.
     0 | D:1      | Reached XP level 1. HP: 19/19 MP: 0/0
   228 | D:1      | Reached XP level 2. HP: 27/27 MP: 1/1
   677 | D:2      | Found a shimmering altar of Xom.
   683 | D:2      | Reached XP level 3. HP: 28/33 MP: 2/2
   920 | D:2      | Found a shattered altar of Ashenzari.
  1019 | D:2      | Found a deep blue altar of Sif Muna.
  1084 | D:2      | Reached XP level 4. HP: 34/40 MP: 3/3
  1928 | D:3      | Found a glowing drain.
  1936 | D:3      | Reached XP level 5. HP: 40/47 MP: 4/4
  1947 | Sewer    | Entered a sewer
  1975 | Sewer    | Reached skill level 5 in Axes
  2212 | Sewer    | Reached XP level 6. HP: 40/53 MP: 5/5
  2415 | D:3      | Reached skill level 5 in Shields
  2548 | D:4      | Noticed Menkaure
  2555 | D:4      | Mangled by Menkaure

Vault maps used:
D:1:      dpeg_arrival_pond
D:2:      old_standard_altar, xom_butterflies, ashenzari_altar_1
D:3:      portal_sewer_entry_d, guppyfry_early_orc_mine
D:4:      minmay_temple_entry_butterflies, first_bread, serial_shops, shop,
          uniq_grinder, uniq_menkaure
Sewer:    kennysheep_pipe_town

Skill      XL: |  1  2  3  4  5  6 |
---------------+-------------------+-----
Armour         | 4 |  4.9
Axes           | 3 4 5 |  5.6
Shields        | 4 5 |  5.0
Fighting       | 4 |  4.6

Action                   |  1- 3 |  4- 6 || total
-------------------------+-------+-------++-------
Melee: War axe           |   116 |   174 ||   290
       Headbutt          |    17 |    18 ||    35
  Eat: Chunk             |       |     6 ||     6
Armor: Scale mail        |    59 |   117 ||   176
Dodge: Dodged            |    44 |    71 ||   115
Block: Shield            |    63 |   111 ||   174
